 Dungeon Crawl Stone Soup version 0.19.5 (webtiles) character file.

161 shmeve the Skirmisher (level 5, 0/48 HPs)
             Began as a Minotaur Berserker on May 24, 2017.
             Was a Believer of Trog.
             Slain by a gnoll
             ... wielding a +0 spear
              (6 damage)
             ... on level 2 of the Dungeon.
             The game lasted 00:02:31 (1253 turns).

shmeve the Skirmisher (Minotaur Berserker)          Turns: 1253, Time: 00:02:33

Health: 0/48       AC:  3    Str: 23    XL:     5   Next: 18%
Magic:  4/4        EV: 12    Int:  4    God:    Trog [**....]
Gold:   69         SH:  0    Dex:  9    Spells: 0 memorised, 4 levels left

rFire  + . .     SeeInvis .     f - +0 war axe
rCold  . . .     Gourm    .     b - +0 animal skin
rNeg   . . .     Faith    .     (no shield)
rPois  .         Spirit   .     (helmet restricted)
rElec  .         Reflect  .     d - +0 cloak (curse)
rCorr  .         Harm     .     (no gloves)
MR     .....                    (no boots)
Stlth  +.........               (no amulet)
                                (no ring)
                                o - ring of protection from fire

@: no status effects
A: retaliatory headbutt, horns 2
a: Berserk, Trog's Hand, Burn Spellbooks, Renounce Religion


You were on level 2 of the Dungeon.
You worshipped Trog.
Trog was pleased with you.
You were not hungry.

You visited 1 branch of the dungeon, and saw 2 of its levels.

You collected 69 gold pieces.

Inventory:

Hand Weapons
 f - a +0 war axe (weapon)
Armour
 b - a +0 animal skin (worn)
 d - a cursed +0 cloak (worn)
Jewellery
 o - a ring of protection from fire (left hand)
Scrolls
 e - a scroll of random uselessness {unknown}
 h - 4 scrolls of immolation {unknown}
 i - 2 scrolls of blinking {unknown}
 j - a scroll of teleportation {unknown}
 n - a scroll of identify {unknown}
 q - a scroll of noise {unknown}
Potions
 k - a potion of invisibility {unknown}
 l - a potion of beneficial mutation {unknown}
 p - a potion of degeneration {unknown}
Comestibles
 a - 4 chunks of flesh
 c - a bread ration
 g - 2 meat rations
 m - a beef jerky


   Skills:
 * Level 5.3 Fighting
 * Level 5.0 Axes
 + Level 3.4 Armour
 + Level 2.7 Dodging


You had 4 spell levels left.
You didn't know any spells.

Dungeon Overview and Level Annotations

Branches:
Dungeon (2/15)

Altars:


Innate Abilities, Weirdness & Mutations

You reflexively headbutt those who attack you in melee.
You have a pair of horns on your head.


Message History

You barely miss the hobgoblin.
You headbutt the hobgoblin, but do no damage.
The hobgoblin is moderately wounded.
You closely miss the gnoll.
The gnoll hits you from afar with a spear!
The gnoll barely misses you. The hobgoblin hits you. The gnoll misses you.
You hit the hobgoblin.
You kill the hobgoblin!
Trog accepts your kill.
You slash the gnoll!
You kill the gnoll!
Trog accepts your kill. The bat hits you but does no damage.
The gnoll barely misses you. The bat closely misses you.
You furiously retaliate!
You headbutt the bat.
You kill the bat!
Trog accepts your kill. The worm bites you!
* * * LOW HITPOINT WARNING * * *
The gnoll hits you with a spear.
You die...

############
#.........)#######
#####.########@.......
#.....# #gw######
#.##### #..# #.# ....
#.# ..... #.# ...$...
# #.# #.)...## ###.#
#.....# ....#


You could see a worm and a gnoll.

Vanquished Creatures
  Jessica (D:2)
  6 gnolls (D:2)
  3 adders (D:2)
  An ooze (D:1)
  A worm (D:2)
  A dart slug (D:1)
  5 bats
  2 goblins (D:1)
  9 hobgoblins
  5 jackals
  4 frilled lizards
  2 kobolds
  9 rats
49 creatures vanquished.

Notes
Turn   | Place    | Note
-------+----------+-------------------------------------------
     0 | D:1      | shmeve the Minotaur Berserker began the quest for the Orb.
     0 | D:1      | Reached XP level 1. HP: 19/19 MP: 0/0
    82 | D:1      | Reached XP level 2. HP: 20/27 MP: 1/1
   702 | D:1      | Reached XP level 3. HP: 33/33 MP: 2/2
   792 | D:2      | Reached ** piety under Trog
  1071 | D:2      | Reached XP level 4. HP: 41/41 MP: 3/3
  1081 | D:2      | Noticed Jessica
  1098 | D:2      | Killed Jessica
  1098 | D:2      | Reached skill level 5 in Fighting
  1245 | D:2      | Reached XP level 5. HP: 48/48 MP: 4/4
  1248 | D:2      | Reached skill level 5 in Axes
  1253 | D:2      | Slain by a gnoll

Skill      XL: |  1  2  3  4  5 |
---------------+----------------+-----
Fighting       | 4 5 |  5.3
Axes           | 4 5 |  5.0
Armour         | 3 |  3.4
Dodging        | |  2.7

Action                   |  1- 3 |  4- 6 || total
-------------------------+-------+-------++-------
Melee: Hand axe          |    63 |       ||    63
       Headbutt          |    10 |     7 ||    17
       War axe           |       |    25 ||    25
  Eat: Chunk             |       |     1 ||     1
Armor: Animal skin       |    11 |    11 ||    22
Dodge: Dodged            |    47 |    38 ||    85
